 Dungeon Crawl Stone Soup version 0.17-a0-2127-g1cb09f6 (console) character file.

18038 brucemayne the Severer (level 12, -2/138 HPs)
             Began as a Demonspawn Berserker on Oct 22, 2015.
             Was an Elder of Trog.
             Slain by an orc warrior
             ... wielding a +0 trident
              (12 damage)
             ... on level 4 of the Orcish Mines.
             The game lasted 00:26:23 (4625 turns).

brucemayne the Severer (Demonspawn Berserker)       Turns: 4625, Time: 00:26:24

Health: -2/138     AC: 19    Str: 26    XL:     12   Next: 24%
Magic:  12/12      EV:  8    Int: 10    God:    Trog [****..]
Gold:   1277       SH:  0    Dex: 13    Spells: 0 memorised, 11 levels left

rFire  . . .     SeeInvis .     f - +2 war axe (venom)
rCold  . . .     Clarity  +     L - +2 plate armour {rPois}
rNeg   . . .     SustAt   .     (no shield)
rPois  +         Gourm    .     (helmet unavailable)
rElec  .         Spirit   .     q - +1 cloak
rCorr  .         Warding  .     (no gloves)
rMut   .         Stasis   .     (no boots)
MR     +++..                    o - amulet of clarity
Stlth  ..........               i - +3 ring of protection
                                m - ring of protection from magic

@: berserking (expiring), regenerating, very quick, extremely resistant to
hostile enchantments, extremely unstealthy
A: claws 1, horns 3, demonic guardian 2, spiny 1
a: Berserk, Trog's Hand, Brothers in Arms, Burn Spellbooks, Renounce Religion


You were on level 4 of the Orcish Mines.
You worshipped Trog.
Trog was greatly pleased with you.
You were hungry.

You visited 3 branches of the dungeon, and saw 18 of its levels.

You collected 1277 gold pieces.

Inventory:

Hand Weapons
 f - a +2 war axe of venom (weapon)
 B - a +2 whip of electrocution
 C - a +0 battleaxe
 H - a +0 blowgun
 P - a +0 war axe
 R - a +0 war axe
Missiles
 I - 34 poisoned needles
Armour
 b - a +0 animal skin
 g - a +0 ring mail
 q - a +1 cloak (worn)
 w - a +0 plate armour
 J - a +0 buckler
 L - a +2 plate armour of poison resistance (worn)
Jewellery
 d - an uncursed amulet of resist mutation
 e - an uncursed ring of magical power
 i - a +3 ring of protection (right claw)
 m - a ring of protection from magic (left claw)
 n - an uncursed ring of fire
 o - an amulet of clarity (around neck)
Wands
 j - a wand of flame (25)
 p - a wand of disintegration (9)
 u - a wand of fire (14)
 x - a wand of cold (3)
 A - a wand of polymorph (3)
 M - a wand of lightning (11)
 O - a wand of paralysis (11)
Scrolls
 c - 2 scrolls of noise {unknown}
 l - 2 scrolls of remove curse
 v - a scroll of fog {unknown}
 y - a scroll of immolation
 K - a scroll of brand weapon {unknown}
Potions
 h - a potion of cancellation {unknown}
 k - a potion of brilliance {unknown}
 r - a potion of cure mutation {unknown}
 s - a potion of flight {unknown}
 t - a potion of heal wounds {unknown}
 z - a potion of might
 D - a potion of ambrosia {unknown}
 E - 2 potions of agility {unknown}
 F - a potion of degeneration {unknown}
 G - a potion of lignification {unknown}
Comestibles
 a - 5 chunks of flesh
 N - a beef jerky


   Skills:
 + Level 7.8 Fighting
 + Level 16.1 Axes
 + Level 4.8 Armour
 - Level 1.7 Dodging


You had 11 spell levels left.
You didn't know any spells.

Dungeon Overview and Level Annotations

Branches:
Dungeon (13/15)            Temple (1/1) D:7             Orc (4/4) D:10
    Elf (0/3) Orc:3
   Lair: D:8-11      Vaults: D:13-14

Altars:
Ashenzari
Elyvilon
Fedhas
Gozag
Makhleb
Okawaru
Qazlal
Ru
Vehumet
Xom
Zin
The Shining One

Shops:
Orc:1 [   Orc:4 }


Innate Abilities, Weirdness & Mutations

You have sharp fingernails.
You have a pair of large horns on your head.
A demonic guardian rushes to your aid.
You are partially covered in sharp spines.


Message History

Unknown command.
You slash the orc warrior!
The orc warrior is poisoned.
You headbutt the orc warrior!
The orc warrior is almost dead.
You slash the orc high priest!
You kill the orc high priest!
Trog accepts your kill.
The orc priest hits your two-headed ogre with a dagger!
The orc priest mumbles some strange prayers to Beogh against you.
Something smites you!
* * * LOW HITPOINT WARNING * * *
You slash the orc warrior!
You kill the orc warrior!
Trog accepts your kill.
Your two-headed ogre hits the orc priest with a dire flail!
Your two-headed ogre hits the orc priest with a giant club!!!
The orc priest dies!
Trog accepts your kill.
The orc warrior hits you with a trident!
You die...

#...# .... ##...# ....
##....#.... # ## .....#..# #.#.#
#.......# .....# #...o)..#
..#...# #..)oo..#
..#.....####O@o# .........)#))).#
.........)))))).# .
.........#.))...#
.##.......##......#
.##.......#.......##
.#.#...............##
#...##..............#############
...###...........................


You could see an orc warrior, 3 orc priests and a friendly two-headed ogre
(berserk).

Vanquished Creatures
  Rupert (Orc:4)
  Snorg (Orc:2)
  A centaur warrior (D:12)
  Erica (Orc:1)
  An orc high priest (Orc:4)
  2 hill giants (D:12)
  A necromancer (D:11)
  2 manticores (D:12)
  2 orc sorcerers
  A cyclops (D:11)
  A centaur zombie (D:11)
  3 centaur skeletons
  4 trolls
  A slime creature (D:11)
  4 wyverns
  5 yaks (D:11)
  A hippogriff (D:12)
  A warg (Orc:3)
  A soldier ant (D:11)
  An ice beast (D:11)
  2 black bears (D:7)
  A crocodile (D:11)
  10 ogres
  A centaur (D:11)
  9 orc warriors
  A big kobold (D:12)
  2 giant frogs
  A wyvern zombie (D:12)
  A scorpion (D:7)
  4 killer bees (D:9)
  3 wights (D:11)
  13 orc priests
  A crimson imp (D:7)
  3 jellies
  A quasit (D:12)
  2 giant frog skeletons
  A hound (D:8)
  3 iguanas
  20 orc wizards
  3 wolf simulacra (D:11)
  2 worker ants (D:7)
  3 sheep (D:11)
  2 hound skeletons (D:7)
  Robin (D:3)
  6 adders
  A shadow imp (D:10)
  An ooze (D:2)
  116 orcs
  4 bats
  5 giant cockroaches
  A hobgoblin (D:3)
  7 jackals
  A giant gecko skeleton (D:7)
  A giant newt (D:2)
  9 goblins
  8 kobolds
  3 rats
288 creatures vanquished.

Vanquished Creatures (collateral kills)
  2 orc high priests (Orc:4)
  Prince Ribbit (D:7)
  A slime creature (D:12)
  A wyvern (D:12)
  A hippogriff (D:7)
  A sky beast (D:7)
  An orc warrior (D:7)
  A giant frog (D:12)
  2 orc wizards (Orc:4)
  6 orc priests (Orc:4)
  4 orcs
21 creatures vanquished.

Vanquished Creatures (others)
  An orc (D:10)
1 creature vanquished.

Grand Total: 310 creatures vanquished

Notes
Turn   | Place    | Note
--------------------------------------------------------------
     0 | D:1      | brucemayne the Demonspawn Berserker began the quest for the Orb.
     0 | D:1      | Reached XP level 1. HP: 18/18 MP: 1/1
    89 | D:2      | Gained mutation: A weak demonic guardian rushes to your aid. [demonic ancestry]
    89 | D:2      | Reached XP level 2. HP: 22/24 MP: 2/2
   366 | D:3      | Noticed Robin
   382 | D:3      | Killed Robin
   382 | D:3      | Reached XP level 3. HP: 18/29 MP: 3/3
   383 | D:3      | Reached ** piety under Trog
   397 | D:3      | Reached skill level 4 in Axes
   641 | D:4      | Gained mutation: You have a pair of small horns on your head. [demonic ancestry]
   641 | D:4      | Reached XP level 4. HP: 21/35 MP: 4/4
   795 | D:5      | Entered Level 5 of the Dungeon
   795 | D:5      | Noticed an ogre
   802 | D:5      | Killed an ogre
   802 | D:5      | Reached skill level 5 in Axes
   802 | D:5      | Gained mutation: You have sharp fingernails. [demonic ancestry]
   802 | D:5      | Reached XP level 5. HP: 41/41 MP: 5/5
   953 | D:7      | Reached skill level 6 in Axes
  1022 | D:7      | Gained mutation: You have a pair of horns on your head. [demonic ancestry]
  1022 | D:7      | Reached XP level 6. HP: 32/47 MP: 6/6
  1033 | D:7      | Noticed an orc warrior
  1042 | D:7      | Killed an orc warrior
  1088 | D:7      | Noticed a black bear
  1097 | D:7      | Killed a black bear
  1097 | D:7      | Reached skill level 7 in Axes
  1099 | D:7      | Noticed an ogre
  1099 | D:7      | Noticed an orc warrior
  1120 | D:7      | Killed an orc warrior
  1120 | D:7      | Gained mutation: You are partially covered in sharp spines. [demonic ancestry]
  1120 | D:7      | Reached XP level 7. HP: 52/52 MP: 7/7
  1191 | D:7      | Noticed a hippogriff
  1204 | D:7      | Killed a hippogriff
  1238 | D:7      | Killed an ogre
  1238 | D:7      | Reached skill level 8 in Axes
  1278 | D:7      | Noticed a sky beast
  1293 | D:7      | Killed a sky beast
  1304 | D:7      | Noticed a black bear
  1306 | D:7      | Found a staircase to the Ecumenical Temple.
  1316 | D:7      | Reached *** piety under Trog
  1321 | D:7      | Killed a black bear
  1328 | D:7      | Noticed Prince Ribbit
  1335 | Temple   | Entered the Ecumenical Temple
  1409 | D:7      | Reached skill level 9 in Axes
  1409 | D:7      | Reached XP level 8. HP: 58/58 MP: 8/8
  1416 | D:7      | Killed Prince Ribbit
  1536 | D:8      | Reached skill level 10 in Axes
  1775 | D:10     | Entered Level 10 of the Dungeon
  1947 | D:11     | Noticed a necromancer
  1968 | D:11     | Killed a necromancer
  1968 | D:11     | Reached skill level 11 in Axes
  1968 | D:11     | Reached XP level 9. HP: 35/63 MP: 9/9
  2260 | D:11     | Noticed a centaur skeleton
  2277 | D:11     | Killed a centaur skeleton
  2277 | D:11     | Reached skill level 5 in Fighting
  2282 | D:11     | Noticed a centaur zombie
  2292 | D:11     | Reached skill level 12 in Axes
  2297 | D:11     | Gained mutation: You have a pair of large horns on your head. [demonic ancestry]
  2297 | D:11     | Reached XP level 10. HP: 74/74 MP: 10/10
  2300 | D:11     | Killed a centaur zombie
  2330 | D:11     | Noticed a cyclops
  2400 | D:12     | Noticed a manticore
  2412 | D:12     | Killed a manticore
  2443 | D:12     | Noticed a centaur skeleton
  2452 | D:12     | Killed a centaur skeleton
  2452 | D:12     | Reached skill level 13 in Axes
  2501 | D:12     | Noticed a centaur skeleton
  2510 | D:12     | Killed a centaur skeleton
  2549 | D:12     | Noticed a hill giant
  2555 | D:12     | Killed a hill giant
  2703 | D:12     | Noticed a centaur warrior
  2705 | D:12     | Noticed a hill giant
  2722 | D:12     | Killed a centaur warrior
  2722 | D:12     | Reached skill level 14 in Axes
  2723 | D:12     | Killed a hill giant
  2723 | D:12     | Reached XP level 11. HP: 11/80 MP: 11/11
  2746 | D:12     | Found a glowing golden altar of the Shining One.
  2793 | D:12     | Noticed a skeletal warrior
  2793 | D:12     | Noticed a skeletal warrior
  2905 | D:11     | Killed a cyclops
  3398 | D:10     | Found a staircase to the Orcish Mines.
  3523 | Orc:1    | Entered Level 1 of the Orcish Mines
  3549 | Orc:1    | Reached **** piety under Trog
  3581 | Orc:1    | Noticed Erica
  3590 | Orc:1    | Killed Erica
  3590 | Orc:1    | Reached skill level 15 in Axes
  3661 | Orc:1    | Found Inuew's Antique Armour Shop.
  3870 | Orc:2    | Noticed Snorg
  3931 | Orc:2    | Killed Snorg
  4025 | Orc:4    | Entered Level 4 of the Orcish Mines
  4033 | Orc:4    | Reached ***** piety under Trog
  4084 | Orc:4    | Noticed Rupert
  4107 | Orc:4    | Killed Rupert
  4191 | Orc:4    | Found Otimaad's Quality Used Wands.
  4251 | Orc:3    | Found a staircase to the Elven Halls.
  4291 | Orc:2    | Received a gift from Trog
  4446 | Orc:3    | Gained mutation: A demonic guardian rushes to your aid. [demonic ancestry]
  4446 | Orc:3    | Reached XP level 12. HP: 91/91 MP: 12/12
  4600 | Orc:4    | Noticed an orc high priest
  4603 | Orc:4    | Noticed an orc high priest
  4604 | Orc:4    | Noticed an orc high priest
  4613 | Orc:4    | Killed an orc high priest
  4617 | Orc:4    | Killed an orc high priest
  4617 | Orc:4    | Reached skill level 16 in Axes
  4623 | Orc:4    | Killed an orc high priest
  4625 | Orc:4    | Slain by an orc warrior

Vault maps used:
D:1:      dpeg_arrival_court
D:2:      grunt_temple_overflow_open, grunt_ministairs_7, roderic_lattice_a
D:3:      uniq_terence, uniq_robin
D:4:      grunt_ministairs_13, uniq_duvessa
D:5:      first_bread
D:6:      lemuel_ice_spiral_2, serial_shops, shop, uniq_grinder
D:7:      minmay_temple_entry_overgrown, uniq_prince_ribbit1
D:9:      basic_altar, hangedman_tell_no_tales
D:10:     lair_0_dummy, david_orc_3, basic_altar, nicolae_sextant, uniq_fannar
D:11:     minmay_misc_feat_doors, eino_house_with_fridge
D:12:     basic_altar, serial_undead, serial_undead_a, serial_undead_c,
          serial_undead_c, serial_undead_c, serial_undead_c, serial_undead_c
D:13:     minivault_25, grunt_ministairs_14, uniq_erolcha
Temple:   circular_temple_pool_12
Orc:1:    serial_shops, shop, uniq_erica
Orc:2:    uniq_snorg
Orc:3:    nicolae_orc_pool_cavern
Orc:4:    st_orc_mages, nicolae_for_you_no_charge, uniq_rupert

Action                   |  1- 3 |  4- 6 |  7- 9 | 10-12 || total
-------------------------+-------+-------+-------+-------++-------
Melee: Hand axe          |   154 |    72 |   155 |   128 ||   509
       Battleaxe         |       |       |       |   111 ||   111
       War axe           |       |       |       |   129 ||   129
Invok: Berserk           |     1 |     4 |     8 |    13 ||    26
       Trog's Hand       |       |     1 |     7 |    14 ||    22
       Brothers in Arms  |       |       |       |     3 ||     3
Evoke: Wand              |       |       |       |     1 ||     1
  Use: Scroll            |       |       |     4 |     4 ||     8
       Potion            |       |       |     1 |       ||     1
 Stab: Distracted        |       |     3 |     2 |     1 ||     6
  Eat: Chunk             |       |     5 |    10 |    15 ||    30
       Pizza             |       |       |     1 |       ||     1
       Royal jelly       |       |       |     1 |       ||     1
       Bread ration      |       |       |       |     2 ||     2
